 Dungeon Crawl Stone Soup version 0.18-a0-1160-geb89fc2 (webtiles) character file.

129 kae the Chopper (level 5, 0/45 HPs)
             Began as a Hill Orc Fighter on Jan 24, 2016.
             Slain by an orc wizard
             ... wielding a +0 dagger
              (2 damage)
             ... on level 4 of the Dungeon.
             The game lasted 00:03:17 (1883 turns).

kae the Chopper (Hill Orc Fighter)                  Turns: 1883, Time: 00:03:17

Health: 0/45       AC:  6    Str: 25    XL:     5   Next: 12%
Magic:  5/5        EV:  7    Int:  8    God:
Gold:   99         SH:  9    Dex: 10    Spells: 0 memorised, 4 levels left

rFire  + . .     SeeInvis .     a - +0 war axe
rCold  + . .     Gourm    .     b - +0 scale mail
rNeg   . . .     Faith    .     c - +0 shield
rPois  +         Spirit   .     (no helmet)
rElec  +         Dismiss  .     (no cloak)
rCorr  +         Reflect  .     (no gloves)
SustAt .         Harm     .     (no boots)
MR     +....                    (no amulet)
Stlth  ..........               q - ring of protection from magic
                                l - ring of wizardry

@: mighty, resistant, drained, somewhat resistant to hostile enchantments,
extremely unstealthy
A: no striking features
a: Convert to Beogh


You were on level 4 of the Dungeon.
You were hungry.

You visited 1 branch of the dungeon, and saw 4 of its levels.

You collected 99 gold pieces.

Inventory:

Hand Weapons
 a - a +0 war axe (weapon)
Armour
 b - a +0 scale mail (worn)
 c - a +0 shield (worn)
Jewellery
 l - a ring of wizardry (left hand)
 q - a ring of protection from magic (right hand)
Scrolls
 h - a scroll of immolation
 o - a scroll of teleportation
Potions
 e - a potion of heal wounds {unknown}
 g - a potion of resistance
 i - 2 potions of lignification {unknown}
 j - a potion of curing {unknown}
 m - 2 potions of agility {unknown}
 n - a potion of ambrosia {unknown}
 s - 2 potions of cancellation {unknown}
 v - 2 potions of berserk rage {unknown}
Comestibles
 f - a bread ration
 k - a royal jelly
 p - 2 chunks of flesh
 w - a beef jerky


   Skills:
 - Level 3.6(3.0) Fighting
 + Level 6.8(6.1) Axes
 - Level 3.2(2.6) Armour
 - Level 3.2(2.6) Shields


You had 4 spell levels left.
You didn't know any spells.

Dungeon Overview and Level Annotations

Branches:
Dungeon (4/15)
 Temple: D:4-7

Altars:
Nemelex Xobeh


Message History

Unknown command.
You closely miss the orc priest. You miss something.
You barely miss the orc priest. You block the orc priest's attack.
The orc priest hits you with a short sword.
* * * LOW HITPOINT WARNING * * *
Something hits you but does no damage.
The orc priest hits you but does no damage. x2
Unknown command.
You closely miss the orc priest.
Your shield and scale mail prevent you from hitting something.
You barely miss the orc priest. Something hits you.
* * * LOW HITPOINT WARNING * * *
You block the orc priest's attack.
The orc priest casts a cantrip, but nothing happens.
Unknown command.
Drink which item? (? for menu, Esc to quit)
It was a potion of resistance.
You feel protected. Something hits you.
You die...

**,,,, *,,,,, *,_,,⌠ *** *,,,,,
,,**** ##############*****,,,,
,,,,,* #.............,,,,,,,,,
*,**,* ##...........#*******,,,
*,**,****#.......o....# ****,,,,
,,**,,,,,#......@{...># *,,,,***
##*##***,#....?..o....# *,,,,***
.#..,,,,,#............#***,,,,,,,
.#.***####..........^...,+,,,****
..,* #.....(......?.###**,,,*
.#*####.###...).$....#****,,,****
.###....# ########.....,**,,,,,,*
........# *#.###***,,,**,*
..##...## *,* ******,*


You could see 2 orc priests.

Vanquished Creatures
  A worker ant (D:4)
  5 adders
  3 worms
  A giant gecko (D:1)
  2 orcs (D:3)
  4 ball pythons
  3 hobgoblins
  3 bats
  6 giant newts
  12 goblins
  8 kobolds
  6 rats
54 creatures vanquished.

Notes
Turn   | Place    | Note
--------------------------------------------------------------
     0 | D:1      | kae the Hill Orc Fighter began the quest for the Orb.
     0 | D:1      | Reached XP level 1. HP: 19/19 MP: 1/1
   140 | D:1      | Reached XP level 2. HP: 23/26 MP: 2/2
   194 | D:1      | Reached skill level 4 in Axes
   685 | D:2      | Reached XP level 3. HP: 31/31 MP: 3/3
   838 | D:2      | Reached skill level 5 in Axes
   922 | D:2      | Found a sparkling altar of Nemelex Xobeh.
  1020 | D:2      | Reached XP level 4. HP: 31/39 MP: 4/4
  1523 | D:3      | Reached skill level 6 in Axes
  1856 | D:4      | Reached XP level 5. HP: 45/45 MP: 5/5
  1882 | D:4      | HP: 2/45 [something (2)]
  1883 | D:4      | Slain by an orc wizard

Vault maps used:
D:1:      scummos_arrival_star, solitary_fountain
D:2:      nemelex_diamond_rough_becter
D:4:      grunt_temple_overflow_open, kennysheep_generic_room_9

Action                   |  1- 3 |  4- 6 || total
-------------------------+-------+-------++-------
Melee: War axe           |   118 |    71 ||   189
  Use: Scroll            |       |     7 ||     7
       Potion            |       |     2 ||     2
  Eat: Chunk             |       |     3 ||     3
